 Dungeon Crawl Stone Soup version 0.23.2-40-g277498a001 (webtiles) character file.

Game seed: 16717454800528294522

112 Exodus22XD the Conjurer (level 4, -4/24 HPs)
             Began as a Deep Elf Wizard on Sept 14, 2019.
             Killed from afar by an orc wizard (7 damage)
             ... with a magic dart
             ... on level 3 of the Dungeon.
             The game lasted 00:05:13 (2088 turns).

Exodus22XD the Conjurer (Deep Elf Wizard)           Turns: 2088, Time: 00:05:14

Health: -4/24      AC:  2    Str:  4    XL:     4   Next: 63%
Magic:  0/12       EV: 13    Int: 24    God:
Gold:   108        SH:  0    Dex: 13    Spells: 0/11 levels left

rFire    . . .     SeeInvis .   (no weapon)
rCold    . . .     Gourm    .   (no shield)
rNeg     . . .     Faith    .   a - +0 robe
rPois    +         Spirit   .   b - +0 hat
rElec    .         Reflect  .   (no cloak)
rCorr    .         Harm     .   (no gloves)
MR       .....                  (no boots)
Stlth    ++........             (no amulet)
HPRegen  0.08/turn              i - ring of poison resistance
MPRegen  0.13/turn              (no ring)

@: very slightly contaminated, slowed, very slow
A: no striking features
a: no special abilities


You were on level 3 of the Dungeon.
You were not hungry.

You visited 1 branch of the dungeon, and saw 3 of its levels.

You collected 108 gold pieces.

Inventory:

Hand Weapons
 n - a +0 dagger
Armour
 a - a +0 robe (worn)
 b - a +0 hat (worn)
Jewellery
 i - a ring of poison resistance (left hand)
Scrolls
 c - a scroll of enchant weapon {unknown}
 e - a scroll of identify {unknown}
 g - a scroll of amnesia {unknown}
 h - a scroll of immolation {unknown}
 l - a scroll of fear {unknown}
 m - a scroll of teleportation {unknown}
Potions
 j - a potion of haste {unknown}
 k - a potion of brilliance {unknown}
 o - a potion of heal wounds {unknown}
Comestibles
 d - 10 rations
 f - a chunk of flesh


   Skills:
 - Level 2.4 Dodging
 - Level 2.4 Stealth
 - Level 4.4 Spellcasting
 - Level 5.0 Conjurations
 * Level 1.2 Summonings
 - Level 1.1 Translocations


You couldn't memorise any spells.
You knew the following spells:

 Your Spells              Type           Power        Failure   Level  Hunger
a - Magic Dart            Conj           ####         1%          1    None
b - Call Imp              Summ           ##......     9%          2    None
c - Blink                 Tloc           N/A          9%          2    None
d - Conjure Flame         Conj/Fire      ###.....     10%         3    ##.....
e - Mephitic Cloud        Conj/Pois/Air  ##......     14%         3    ##.....

Your spell library contained the following spells:

 Spells                   Type           Power        Failure   Level  Hunger
 Slow                     Hex            #.......     14%         2    None


Dungeon Overview and Level Annotations

Branches:
Dungeon (3/15)

Altars:
Elyvilon
Yredelemnul

Annotations:
D:3 1 runed translucent door


Message History

The magic dart hits your crimson imp!
Your crimson imp dies!
The orc wizard gestures at you while chanting.
You feel as though you will be slow longer.
The orc wizard points at you and mumbles some strange words.
You feel as though you will be slow longer.
Casting: Call Imp (safe; 9% risk of failure)
Confirm with . or Enter, or press ? or * to list all spells.
You miscast Call Imp.
You are very lightly contaminated with residual magic.
Nothing appears to happen.
The orc wizard points at you and mumbles some strange words.
The magic dart hits you.
* * * LOW HITPOINT WARNING * * *
The orc shouts!
The orc wizard hits you with a +0 dagger.
* * * LOW HITPOINT WARNING * * *
The orc wizard casts a spell at you. The magic dart hits you!
You die...

#o##.# . #.##.#
.^ #.##o# #.
###.##.# #..
#...##.#
#.>o######.####.#
+..oo....(.# #.#
#..o######## #o#
#.. #@# ##. #.#
.. #.# # #.#
########## #.#
##<......# #.#
########.# #.#
....## #.# #.#
###..###.# #.#


You could see an orc wizard and an orc.

Vanquished Creatures
  An orc wizard (D:2)
  5 adders
  A worm (D:2)
  A dart slug (D:1)
  An orc (D:3)
  4 hobgoblins
  2 kobolds
  2 ball pythons
  7 bats
  A frilled lizard (D:2)
  3 goblins
  8 rats
36 creatures vanquished.

Notes
Turn   | Place    | Note
-------+----------+-------------------------------------------
     0 | D:1      | Exodus22XD the Deep Elf Wizard began the quest for the Orb.
     0 | D:1      | Reached XP level 1. HP: 10/10 MP: 7/7
   281 | D:1      | Reached skill level 2 in Conjurations
   563 | D:1      | Reached XP level 2. HP: 15/15 MP: 6/9
  1119 | D:2      | Reached skill level 3 in Conjurations
  1214 | D:2      | Found a basalt altar of Yredelemnul.
  1272 | D:2      | Reached XP level 3. HP: 19/19 MP: 7/10
  1454 | D:2      | Reached skill level 4 in Conjurations
  1801 | D:3      | Reached XP level 4. HP: 24/24 MP: 9/12
  1939 | D:3      | Found a white marble altar of Elyvilon.
  1940 | D:3      | Found a runed translucent door.
  1940 | D:3      | Noticed an angel
  1960 | D:3      | Reached skill level 5 in Conjurations
  1968 | D:3      | Learned a level 2 spell: Call Imp
  1971 | D:3      | Learned a level 2 spell: Blink
  1975 | D:3      | Learned a level 3 spell: Conjure Flame
  1979 | D:3      | Learned a level 3 spell: Mephitic Cloud
  2088 | D:3      | Killed from afar by an orc wizard

Skill      XL: |  1  2  3  4 |
---------------+-------------+-----
Conjurations   | 2 3 4 5 |  5.0
Dodging        | |  2.4
Stealth        | |  2.4
Spellcasting   | |  4.4
Summonings     | |  1.2
Translocations | |  1.1

Action                   |  1- 3 |  4- 6 || total
-------------------------+-------+-------++-------
Melee: Unarmed           |     1 |       ||     1
 Cast: Magic Dart        |    71 |    24 ||    95
       Conjure Flame     |       |     1 ||     1
       Call Imp          |       |     1 ||     1
  Eat: Chunk             |     2 |     1 ||     3
Armor: Robe              |     2 |       ||     2
Dodge: Dodged            |     5 |     4 ||     9
